 Dungeon Crawl Stone Soup version 0.21-a0-437-ge5bf024 (webtiles) character file.

3046 karf the Cleaver (level 9, -28/82 HPs)
             Began as a Hill Orc Monk on Nov 9, 2017.
             Was a Priest of Beogh.
             Annihilated by an orc warrior
             ... wielding a +0 glaive
              (32 damage)
             ... in a bailey.
             The game lasted 00:25:06 (7479 turns).

karf the Cleaver (Hill Orc Monk)                    Turns: 7479, Time: 00:25:07

Health: -28/82     AC: 10    Str: 17    XL:     9   Next: 87%
Magic:  9/9        EV: 11    Int: 10    God:    Beogh [***...]
Gold:   333        SH:  0    Dex: 13    Spells: 8/8 levels left

rFire    . . .     SeeInvis .   g - +1 hand axe (elec)
rCold    . . .     Gourm    +   (no shield)
rNeg     + . .     Faith    .   H - +0 ring mail {rPois}
rPois    +         Spirit   .   d - +0 helmet (curse)
rElec    .         Reflect  .   N - +1 cloak {+Inv}
rCorr    .         Harm     .   (no gloves)
MR       .....                  (no boots)
Stlth    +.........             y - amulet of the gourmand
HPRegen  0.23/turn              z - ring of positive energy
MPRegen  0.11/turn              P - ring of poison resistance

@: no status effects
A: no striking features
a: Smiting, Renounce Religion, Evoke Invisibility


You were in a bailey.
You worshipped Beogh.
Beogh was most pleased with you.
You were not hungry.

You visited 1 branch of the dungeon, and saw 8 of its levels.
You also visited: Bailey.

You collected 333 gold pieces.

Inventory:

Hand Weapons
 g - a +1 hand axe of electrocution (weapon)
Missiles
 i - 140 stones (quivered)
Armour
 d - a cursed +0 helmet (worn)
 H - a +0 ring mail of poison resistance (worn)
 N - a +1 cloak of invisibility (worn)
Jewellery
 y - an amulet of the gourmand (around neck)
 z - a ring of positive energy (left hand)
 C - an uncursed ring of wizardry
 P - a ring of poison resistance (right hand)
Wands
 s - a wand of polymorph (10/24)
 u - a wand of random effects (33/48)
 E - a wand of disintegration (22/24)
 J - a wand of disintegration (16/24)
 L - a wand of enslavement (8/24)
Scrolls
 e - 5 scrolls of blinking {unknown}
 k - a scroll of amnesia {unknown}
 n - 6 scrolls of recharging {unknown}
 o - a scroll of fog {unknown}
 q - a scroll of teleportation {unknown}
 w - a scroll of immolation {unknown}
 x - a scroll of magic mapping {unknown}
 B - 2 scrolls of enchant weapon {unknown}
 D - a scroll of enchant armour {unknown}
 G - 3 scrolls of remove curse
 K - a scroll of random uselessness {unknown}
Potions
 f - 2 potions of lignification
 j - 3 potions of might
 l - 2 potions of curing
 m - a potion of cancellation
 r - a potion of flight
 t - a potion of agility
 I - a potion of berserk rage
 O - 2 potions of magic
Books
 Q - a book of Callings

   Spells                             Type                      Level
   a - Summon Small Mammal            Summoning                    1
   b - Call Imp                       Summoning                    2
   c - Call Canine Familiar           Summoning                    3
   d - Summon Guardian Golem          Hexes/Summoning              3
   e - Summon Lightning Spire         Summoning/Air                4
   f - Summon Ice Beast               Ice/Summoning                4
Comestibles
 c - 8 bread rations
 v - 2 royal jellies
 A - 5 meat rations


   Skills:
 + Level 8.8 Fighting
 * Level 12.6 Axes
 + Level 7.1 Armour
 - Level 2.4 Dodging
 - Level 1.6 Stealth


You had 8 spell levels left.
You didn't know any spells.

Dungeon Overview and Level Annotations

Branches:
Dungeon (8/15)             Temple (0/1) D:6
   Lair: D:8-11

Altars:
Dithmenos
Gozag
Ru
Uskayaw
Vehumet
Wu Jian
Xom
Zin
The Shining One


Message History

Found a roughly hewn altar of Beogh.
Found two gates leading back out of this place. 2 orc warriors and an orc knight come into view.
The orc warrior shouts!
The orc knight shouts!
The orc warrior shouts!
The orc knight roars a battlecry!
The orc warriors go into a battle-frenzy!
There is an open gate here.
The orc warrior hits you from afar with an enchanted halberd!
The orc knight shouts, "Die, unbeliever!"
The orc warrior hits you from afar with a glaive!!
The orc warrior hits you with a glaive!!
* * * LOW HITPOINT WARNING * * *
You see here a runed spear.
You hit the orc warrior.
Lightning courses through the orc warrior!
The orc warrior is heavily wounded.
You swap places.
Orkrul hits the orc warrior.
The orc warrior hits you from afar with a glaive!!
You die...
Beogh appreciates the orc warrior's killing of a heretic priest.

.(.≈≈≈≈≈...............(.≈≈≈≈≈...
..≈≈#.#≈≈.............(.≈≈#.#≈≈..
..≈##.##≈..............)≈##.##≈..
.o≈o.^).≈...............≈(.^..≈..
..≈##.##≈...............≈##.##≈..
..≈≈#.#≈≈..(.#######....≈≈#.#≈≈..
...≈≈≈≈≈.....##....##.(..≈≈≈≈≈...
...........).##...oo##...........
.............##'@o#..##..(.......
.........##).##ooo##.o#..........
..(......##(####o####.##.........
.........##(')#ooo#.'o##....)....
.........##(###._.###.##.........
.........##.')#?.[#.'o##.........
.........##.#########.##.........
..........#..##.#)##..#..........
......(...##..#o#'#..##)...).....


You could see an orc knight, 3 orc warriors, a friendly orc warrior, the
friendly Orkrul the orc warrior and 4 friendly orcs.

Vanquished Creatures
  The ghost of Barriton the Conjurer, a novice DrWz (D:5)
  Duvessa (D:6)
  4 orc warriors (Bailey)
  2 ogres
  A phantom (D:5)
  4 centaurs
  2 bullfrogs
  Dowan (D:6)
  3 scorpions (D:7)
  A water moccasin skeleton (D:6)
  6 killer bees
  A howler monkey (D:6)
  4 crimson imps (D:5)
  A bullfrog zombie (D:5)
  2 jellies (D:5)
  3 orc priests
  Crazy Yiuf (D:6)
  3 orc wizards
  A hound (D:5)
  Ijyb (D:3)
  An iguana (D:3)
  3 worker ants
  10 adders
  6 gnolls
  2 shadow imps (D:5)
  2 adder skeletons (D:4)
  3 worms (D:2)
  2 dart slugs
  4 leopard geckos
  34 orcs
  2 ball pythons
  11 bats
  6 giant cockroaches
  13 goblins
  7 hobgoblins
  3 jackals
  3 quokkas
  4 frilled lizards
  A jackal skeleton (D:5)
  8 kobolds
  9 rats
177 creatures vanquished.

Vanquished Creatures (collateral kills)
  An orc warrior (Bailey)
  A necrophage (D:7)
  A phantom (D:7)
3 creatures vanquished.

Vanquished Creatures (others)
  6 orcs
  A giant cockroach (D:3)
  A hobgoblin (D:3)
  2 jackals (D:6)
  A kobold (D:3)
  A bat (D:3)
12 creatures vanquished.

Grand Total: 192 creatures vanquished

Notes
Turn   | Place    | Note
-------+----------+-------------------------------------------
     0 | D:1      | karf the Hill Orc Monk began the quest for the Orb.
     0 | D:1      | Reached XP level 1. HP: 19/19 MP: 1/1
   183 | D:1      | Reached XP level 2. HP: 27/27 MP: 2/2
   526 | D:1      | Reached skill level 1 in Armour
   534 | D:1      | Reached XP level 3. HP: 32/33 MP: 3/3
  1047 | D:2      | Found a shimmering altar of Xom.
  1199 | D:2      | Reached skill level 5 in Axes
  1428 | D:2      | Found a shadowy altar of Dithmenos.
  1524 | D:2      | Reached XP level 4. HP: 39/40 MP: 4/4
  2330 | D:3      | Became a worshipper of Beogh the Brigand
  2330 | D:3      | Reached * piety under Beogh
  2330 | D:3      | Reached ** piety under Beogh
  2338 | D:3      | Reached XP level 5. HP: 42/47 MP: 5/5
  2353 | D:3      | Noticed Ijyb
  2365 | D:3      | Killed Ijyb
  2365 | D:3      | Reached skill level 6 in Axes
  2480 | D:3      | Reached skill level 5 in Fighting
  2480 | D:3      | Reached XP level 6. HP: 30/56 MP: 6/6
  2932 | D:3      | Reached skill level 7 in Axes
  2996 | D:3      | Found a radiant altar of Vehumet.
  3173 | D:4      | Found a glowing silver altar of Zin.
  3313 | D:4      | Reached XP level 7. HP: 47/61 MP: 7/7
  3748 | D:5      | Entered Level 5 of the Dungeon
  3763 | D:5      | Reached skill level 8 in Axes
  3818 | D:5      | Noticed Barriton's ghost (novice DrWz)
  4162 | D:5      | Killed Barriton's ghost
  4162 | D:5      | Reached skill level 9 in Axes
  4162 | D:5      | Reached XP level 8. HP: 25/71 MP: 8/8
  4437 | D:5      | Reached skill level 5 in Armour
  4567 | D:5      | Noticed a hand axe
  4568 | D:5      | Noticed a hand axe
  4569 | D:5      | Found a hide-covered altar of Uskayaw.
  4730 | D:5      | Reached *** piety under Beogh
  4804 | D:5      | Reached skill level 10 in Axes
  5036 | D:6      | Found a staircase to the Ecumenical Temple.
  5042 | D:6      | Noticed Duvessa
  5042 | D:6      | Noticed Dowan
  5061 | D:6      | Killed Duvessa
  5075 | D:6      | Killed Dowan
  5198 | D:6      | Found an ornate altar of the Wu Jian Council.
  5259 | D:6      | Found a glowing golden altar of the Shining One.
  5315 | D:6      | Found a runed door.
  5319 | D:6      | Noticed Crazy Yiuf
  5322 | D:6      | Killed Crazy Yiuf
  5322 | D:6      | Reached XP level 9. HP: 70/79 MP: 9/9
  5498 | D:6      | Reached skill level 11 in Axes
  6198 | D:7      | Found a sacrificial altar of Ru.
  6260 | D:7      | Found a shadowy altar of Dithmenos.
  6532 | D:7      | Found an opulent altar of Gozag.
  6572 | D:8      | Reached skill level 12 in Axes
  6758 | D:8      | Found a flagged portal.
  6799 | Bailey   | Entered a bailey
  7266 | Bailey   | Gained Orkrul as an ally
  7475 | Bailey   | Found a roughly hewn altar of Beogh.
  7476 | Bailey   | Noticed an orc knight
  7477 | Bailey   | HP: 3/82 [orc warrior/glaive (29)]
  7479 | Bailey   | Annihilated by an orc warrior

Vault maps used:
D:1:      doesnt_arrival_eight_statues
D:2:      lemuel_doored_altar, grunt_dithmenos_smoke_and_mirrors
D:3:      marbit_many_paths, uniq_ijyb
D:4:      lemuel_coloured_pillars_altar, minmay_cupped
D:5:      dancing_weapons_uskayaw, first_bread
D:6:      old_standard_altar, minmay_temple_entry_statues_fountains,
          lemuel_tele_altar, uniq_duvessa, uniq_crazy_yiuf_cottage
D:7:      old_standard_altar, lemuel_crystal_altar,
          nicolae_ru_sacrificial_ziggurat
D:8:      lemuel_round_altar, grunt_qazlal_sundering,
          gammafunk_temple_overflow_forgotten, enter_bailey_3
Bailey:   bailey_polearm_2, bailey

Skill      XL: |  1  2  3  4  5  6  7  8  9 |
---------------+----------------------------+-----
Fighting       | 4 5 6 7 8 |  8.8
Armour         | 1 2 3 4 5 7 |  7.1
Axes           | 5 6 7 9 10 12 | 12.6
Dodging        | |  2.4
Stealth        | |  1.6

Action                   |  1- 3 |  4- 6 |  7- 9 || total
-------------------------+-------+-------+-------++-------
Melee: Hand axe          |   105 |   152 |   285 ||   542
Throw: Stone             |    21 |       |       ||    21
Invok: Convert to Beogh  |       |     1 |       ||     1
       Smiting           |       |       |     2 ||     2
  Use: Scroll            |       |       |    11 ||    11
       Potion            |       |       |     2 ||     2
 Stab: Distracted        |     1 |       |       ||     1
       Sleeping          |     1 |       |       ||     1
  Eat: Chunk             |     2 |     7 |    10 ||    19
       Fruit             |       |       |     3 ||     3
Armor: Robe              |    17 |       |       ||    17
       Ring mail         |     8 |    44 |    80 ||   132
Dodge: Dodged            |    54 |    79 |   150 ||   283

Table legend:
 A = Spawn XP
 B = Non-spawn XP
 C = Spawn XP percentage of total XP
 D = Spawn monster count
 E = Non-spawn monster count
 F = Spawn count percentage of total count
 G = Total turns spent on level
                    A         B        C        D         E        F      G
               +---------+---------+-------+---------+---------+-------+---------
         Total |       0 |    4352 |   0.0 |       0 |     181 |   0.0 |  7479
               +---------+---------+-------+---------+---------+-------+---------
           D:1 |       0 |      39 |   0.0 |       0 |      25 |   0.0 |   973
           D:2 |       0 |     101 |   0.0 |       0 |      30 |   0.0 |  1293
           D:3 |       0 |     273 |   0.0 |       0 |      35 |   0.0 |   798
           D:4 |       0 |     277 |   0.0 |       0 |      18 |   0.0 |   942
           D:5 |       0 |    1310 |   0.0 |       0 |      26 |   0.0 |  1030
           D:6 |       0 |     693 |   0.0 |       0 |      18 |   0.0 |   894
           D:7 |       0 |     611 |   0.0 |       0 |       9 |   0.0 |   744
           D:8 |       0 |     442 |   0.0 |       0 |      11 |   0.0 |   125
        Bailey |       0 |     606 |   0.0 |       0 |       9 |   0.0 |   680
               +---------+---------+-------+---------+---------+-------+---------
